 Dungeon Crawl Stone Soup version 0.29-a0-344-ge2f44be95a (webtiles) character file.

Game seed: 4633776677131458769

5695 jimonade the Thaumaturge (level 11, -13/78 HPs)
             Began as a Djinni Fire Elementalist on Apr 21, 2022.
             Was a Priest of Makhleb.
             Mangled by Erolcha
             ... wielding a +0 giant club
              (33 damage)
             ... on level 9 of the Dungeon.
             The game lasted 00:36:30 (13060 turns).

jimonade the Thaumaturge (DjFE)                    Turns: 13060, Time: 00:36:31

Health: -13/78     AC:  7    Str:  9    XL:     11   Next: 4%
Gold:   672        EV: 12    Int: 21    God:    Makhleb [***...] SH:  9 Dex: 14

rFire   + + +      SeeInvis .   z - +6 long sword of Qezxuryx {drain, Drain rF++ Int+2}
rCold   x . .      Faith    .   y - +0 buckler
rNeg    . . .      Spirit   .   a - +0 robe
rPois   ∞          Reflect  +   G - +0 helmet
rElec   .          Harm     .   Y - +2 cloak
rCorr   .          Rampage  .   X - +0 pair of gloves {infuse}
Will    +....                   (boots unavailable)
Stlth   ++........              j - amulet of reflection
HPRegen 0.23/turn               (no ring)
MPRegen 0.00/turn               (no ring)

@: flying
A: sickness immunity, fire resistance 2, cold vulnerability 1, float, innate
caster, HP casting, extra vitality 1
a: Renounce Religion, Minor Destruction, Lesser Servant of Makhleb


You were on level 9 of the Dungeon.
You worshipped Makhleb.
Makhleb was most pleased with you.
You visited 1 branch of the dungeon, and saw 9 of its levels.
You also visited: Sewer and Ossuary.

You collected 672 gold pieces.

Inventory:

Hand Weapons
 e - a +5 whip
 i - a +0 spear
 z - the +6 long sword of Qezxuryx (weapon) {drain, Drain rF++ Int+2}
   (You found it on level 6 of the Dungeon)

   A truly terrible weapon, it drains the life of any living foe it strikes.
   Int:       It affects your intelligence (+2).
   rF:        It greatly protects you from fire.
   Drain:     It drains your maximum health when unequipped.
 C - a +3 scimitar of flaming
 I - a +2 vorpal mace
 L - a +2 dagger of venom
Missiles
 f - 248 stones
 o - 4 curare-tipped darts
 A - a throwing net
 E - 42 poisoned darts
 Z - 2 boomerangs
Armour
 a - a +0 robe (worn)
 c - a +0 leather armour
 l - a +0 ring mail
 n - a +0 chain mail
 w - a +0 plate armour
 y - a +0 buckler (worn)
 G - a +0 helmet (worn)
 S - a +0 scale mail
 X - a +0 pair of gloves of infusion (worn)
 Y - a +2 cloak (worn)
Jewellery
 j - an amulet of reflection (around neck)
 p - an amulet of faith
 R - a ring of resist corrosion
Wands
 m - a wand of iceblast (5)
 F - a wand of acid (11)
 J - a wand of digging (9)
 U - a wand of flame (23)
Scrolls
 d - 3 scrolls of immolation
 h - 2 scrolls of silence {unknown}
 q - 2 scrolls of fear {unknown}
 r - 2 scrolls of fog
 t - 3 scrolls of teleportation
 u - a scroll of blinking
 x - 2 scrolls of enchant weapon
 D - a scroll of magic mapping {unknown}
 M - a scroll of holy word
 N - 2 scrolls of noise {unknown}
 W - a scroll of enchant armour {unknown}
Potions
 b - 7 potions of haste
 g - a potion of cancellation
 k - a potion of ambrosia
 s - 7 potions of heal wounds
 v - 5 potions of might
 B - a potion of resistance
 H - 2 potions of lignification
 K - 7 potions of curing
 Q - a potion of magic {unknown}
 T - a potion of brilliance {unknown}


   Skills:
 * Level 6.8 Fighting
 + Level 2.6 Long Blades
 - Level 0.5 Maces & Flails
 - Level 0.3 Polearms
 - Level 3.2 Dodging
 - Level 1.5 Stealth
 + Level 2.3 Shields
 + Level 10.0 Spellcasting
 * Level 4.3 Invocations


You had 3 spell levels left.
You knew the following spells:

 Your Spells              Type           Power      Damage    Failure   Level
a - Foxfire               Conj/Fire      100%       2x1d9     1%          1
b - Scorch                Fire           100%       2d10      1%          2
c - Conjure Flame         Conj/Fire      51%        6-21      1%          3
d - Inner Flame           Hex/Fire       51%        N/A       1%          3
e - Flame Wave            Conj/Fire      51%        2d10      1%          4
f - Summon Small Mammal   Summ           100%       N/A       1%          1
g - Call Imp              Summ           51%        N/A       1%          2
h - Blink                 Tloc           100%       N/A       1%          2
i - Summon Ice Beast      Ice/Summ       51%        N/A       1%          4
j - Metabolic Englaciati  Hex/Ice        25%        N/A       3%          5
Your spell library was empty.

Dungeon Overview and Level Annotations

Branches:
Dungeon (9/15)             Temple (0/1) D:4            Lair (0/6) D:8
  Sewer (visited)         Ossuary (visited)
    Orc: D:9-12

Altars:
Ashenzari
Makhleb
Ru
Vehumet
Zin
The Shining One

Shops:
D:3 *

Annotations:
D:3 3 runed translucent doors, Antichthon's ghost, amateur NaWr
D:9 Erolcha


Innate Abilities, Weirdness & Mutations

You are immune to sickness and miasma.
You are immune to poison.
Your flesh is very heat resistant. (rF++)
You are vulnerable to cold. (rC-)
You float through the air rather than walking.
You learn spells naturally, not from books.
Your magical power is your life essence.
You have superior vitality. (+4 MHP)


Message History

t - Shout!
Orders for allies: a - Attack new target. r - Retreat! s - Stop attacking. g - Guard the area. f - Follow me.
Anything else - Cancel.
Gang up on whom?
Press: ? - help, Dir - move target, f - gnoll sergeant
Aim: a gnoll sergeant, wielding a +0 spear and wearing a +0 scale mail (fast) Attack!
Your ice beast barely misses something.
Something closely misses your ice beast.
Your ice beast completely misses something.
There is an open door here.
Something barely misses your ice beast.
Your ice beast hits something.
Your ice beast freezes something!
Your ice beast hits something.
Your ice beast freezes something!
Something closely misses your ice beast.
Your ice beast hits something but does no damage.
Something hits your ice beast!!
Your ice beast dies!
Your ice beast disappears in a puff of smoke!
Casting: Summon Ice Beast (dangerous; 1% risk of failure)
Confirm with . or Enter, or press ? or * to list all spells.
A chill wind blows around you.
* * * LOW HITPOINT WARNING * * *
A cyan ugly thing comes into view.
Your ice beast hits something but does no damage.
What are your orders? t - Shout!
Orders for allies: a - Attack new target. p - Attack previous target. r - Retreat! s - Stop attacking. g - Guard the area. f - Follow me.
Anything else - Cancel.
Gang up on whom?
Press: ? - help, Dir - move target, f/p - gnoll sergeant
Aim: a gnoll sergeant, wielding a +0 spear and wearing a +0 scale mail (fast, ally target) Attack!
Your ice beast hits the gnoll sergeant but does no damage.
The gnoll sergeant hits your ice beast with a +0 spear!
Something hits you!!
You die...

##### #...# #...#
#########
#...########........
+..@'Yg).u|'........
#...########........
....#### ###..####
###. ##)# # #.####
##.#.# ##.#. #.#.#
##.#.


You could see a cyan ugly thing, a gnoll sergeant (fast, ally target) and a
friendly ice beast (summoned).

Vanquished Creatures
  Erica (D:8)
  Maurice (D:8)
  A hornet (D:9)
  Grinder (D:3)
  Prince Ribbit (D:6)
  A shadow (D:9)
  Eustachio (D:5)
  2 steam dragons (D:8)
  A water moccasin (D:7)
  An ice beast (D:7)
  4 orc warriors
  2 ogres
  A sky beast (D:6)
  3 centaurs
  4 kobold brigands
  A lemure (D:9)
  A phantom (D:4)
  2 necrophages
  3 bullfrogs
  3 scorpions
  A gnoll sergeant (D:9)
  A wight (D:9)
  A howler monkey (D:3)
  A quasit (D:6)
  A jelly (D:5)
  An orc priest (D:8)
  2 hounds
  Terence (D:2)
  3 iguanas
  12 orc wizards
  8 mummies (Ossuary)
  4 gnolls (D:3)
  8 adders
  A river rat (D:4)
  3 worms
  3 dart slugs
  20 orcs
  7 endoplasms
  3 giant cockroaches
  4 hobgoblins
  4 jackals
  26 kobolds
  9 quokkas
  6 ball pythons
  9 bats
  8 frilled lizards
  2 gnoll zombies (Ossuary)
  7 goblins
  A goblin skeleton (D:6)
  3 goblin zombies (D:6)
  A hobgoblin zombie (D:6)
  A kobold skeleton (D:6)
  3 kobold zombies (Ossuary)
  4 orc zombies
  6 rats
210 creatures vanquished.

Vanquished Creatures (collateral kills)
  A komodo dragon (D:8)
  A kobold demonologist (D:9)
  A gnoll sergeant (D:9)
  A killer bee (D:9)
  An orc wizard (D:6)
  2 orcs (D:6)
  A goblin skeleton (D:6)
  A kobold skeleton (D:6)
  An orc zombie (D:6)
10 creatures vanquished.

Vanquished Creatures (others)
  417 foxfires
  8 plants
425 creatures vanquished.

Grand Total: 645 creatures vanquished

Notes
Turn   | Place    | Note
-------+----------+-------------------------------------------
     0 | D:1      | jimonade the Djinni Fire Elementalist began the quest for
                  | the Orb.
     0 | D:1      | Reached XP level 1. HP: 15/15 MP: 0/0
   134 | D:1      | Reached XP level 2. HP: 18/22 MP: 0/0
   738 | D:1      | Reached skill level 3 in Spellcasting
   739 | D:1      | Reached XP level 3. HP: 23/26 MP: 0/0
   739 | D:1      | Learned a level 1 spell: Summon Small Mammal
   961 | D:1      | Found a faded altar of an unknown god.
   969 | D:1      | Reached skill level 1 in Fighting
  1401 | D:2      | Reached XP level 4. HP: 29/32 MP: 0/0
  2123 | D:2      | Noticed Terence
  2134 | D:2      | Killed Terence
  2135 | D:2      | Reached XP level 5. HP: 23/37 MP: 0/0
  2135 | D:2      | Learned a level 2 spell: Call Imp
  2298 | D:3      | Found a runed translucent gate.
  2298 | D:3      | Found a runed translucent gate.
  2299 | D:3      | Found a runed translucent gate.
  2309 | D:3      | Noticed Antichthon's ghost (amateur NaWr)
  2323 | D:3      | Found a glowing silver altar of Zin.
  2326 | D:3      | Found Zin's Purification Station.
  2336 | D:3      | Reached skill level 4 in Spellcasting
  2915 | D:3      | Found a burning altar of Makhleb.
  2917 | D:3      | Found a broken altar of Ashenzari.
  2917 | D:3      | Noticed Grinder
  2933 | D:3      | Reached XP level 6. HP: 36/43 MP: 0/0
  2948 | D:3      | Killed Grinder
  2949 | D:3      | Reached skill level 5 in Spellcasting
  2949 | D:3      | Reached XP level 7. HP: 35/49 MP: 0/0
  2949 | D:3      | Learned a level 2 spell: Blink
  3059 | D:3      | Became a worshipper of Makhleb the Destroyer
  4012 | D:4      | Found a staircase to the Ecumenical Temple.
  4178 | D:4      | Found a glowing drain.
  4182 | Sewer    | Entered a sewer
  4629 | Sewer    | Reached * piety under Makhleb
  4665 | Sewer    | Reached skill level 6 in Spellcasting
  4665 | Sewer    | Reached XP level 8. HP: 52/56 MP: 0/0
  5235 | D:5      | Entered Level 5 of the Dungeon
  5251 | D:5      | Noticed Eustachio
  5258 | D:5      | Killed Eustachio
  5907 | D:5      | Found a sand-covered staircase.
  5911 | Ossuary  | Entered an ossuary
  6150 | Ossuary  | Reached skill level 7 in Spellcasting
  7017 | D:4      | Reached skill level 1 in Shields
  7017 | D:4      | Reached XP level 9. HP: 57/62 MP: 0/0
  7017 | D:4      | Learned a level 4 spell: Summon Ice Beast
  7328 | D:5      | Reached ** piety under Makhleb
  7536 | D:6      | Found a sacrificial altar of Ru.
  7739 | D:6      | Found a glowing golden altar of the Shining One.
  7909 | D:6      | Reached skill level 8 in Spellcasting
  7913 | D:6      | Identified the +6 long sword of Qezxuryx {drain, Drain rF++
                  | Int+2}
  7947 | D:6      | Noticed Prince Ribbit
  7971 | D:6      | Killed Prince Ribbit
  7972 | D:6      | Reached skill level 5 in Fighting
  9020 | D:7      | Reached skill level 1 in Invocations
  9782 | D:8      | Noticed Maurice
  9793 | D:8      | Killed Maurice
  9794 | D:8      | Reached XP level 10. HP: 54/71 MP: 0/0
  9884 | D:8      | Reached skill level 9 in Spellcasting
 10275 | D:8      | Reached *** piety under Makhleb
 10495 | D:8      | Noticed Erica
 10507 | D:8      | Killed Erica
 10508 | D:8      | Reached skill level 1 in Long Blades
 10886 | D:8      | Found a staircase to the Lair.
 10887 | D:8      | Noticed a komodo dragon
 10916 | D:8      | Killed a komodo dragon
 13013 | D:9      | Noticed a kobold demonologist
 13025 | D:9      | Noticed Erolcha
 13030 | D:9      | Noticed an orange demon
 13031 | D:9      | Noticed a sun demon
 13035 | D:9      | Killed a kobold demonologist
 13036 | D:9      | Reached skill level 10 in Spellcasting
 13036 | D:9      | Reached XP level 11. HP: 70/78 MP: 0/0
 13036 | D:9      | Learned a level 5 spell: Metabolic Englaciation
 13057 | D:9      | Noticed a cyan ugly thing
 13060 | D:9      | Mangled by Erolcha

Illustrated notes

Levels and vault maps discovered:
D:1:      minmay_arrival_radiant_lines, layout_basic,
          hellmonk_ecumenical_altar_blasted
D:2:      layout_basic, uniq_terence
D:3:      layout_basic, zin_purify, grunt_temple_overflow_open,
          gammafunk_ghost_split, kennysheep_generic_room_14, uniq_grinder
D:4:      layout_cave_pools, minmay_temple_entry_antechambers,
          gup_sewer_entry_spiral
D:5:      layout_loops_ring, enter_ossuary_5,
          eino_small_chamber_without_monster, uniq_eustachio
D:6:      layout_basic, mainiacjoe_overflow_alcove_1,
          nicolae_tso_besieged_by_evil, uniq_prince_ribbit1
D:7:      layout_gridville, skrybe_limestone_x
D:8:      layout_basic, david_lair_shrubbed, dk_vineyard_2,
          nicolae_straight_to_the_point, uniq_erica, uniq_maurice
D:9:      minmay_imperfect_grid, layout_basic, erik_orc_1, uniq_erolcha,
          uniq_pikel

Skill      XL: |  1  2  3  4  5  6  7  8  9 10 |
---------------+-------------------------------+-----
Spellcasting   | 3 4 5 6 7 8 10 | 10.0
Fighting       | 1 2 3 4 5 6 |  6.8
Shields        | 1 2 |  2.3
Dodging        | 3 |  3.2
Invocations    | 2 4 |  4.3
Long Blades    | 2 |  2.6
Maces & Flails | |  0.5
Polearms       | |  0.3
Stealth        | |  1.5

Action                   |  1- 3 |  4- 6 |  7- 9 | 10-12 || total
-------------------------+-------+-------+-------+-------++-------
Melee: Unarmed           |     1 |       |       |       ||     1
       Spear             |       |    25 |    13 |       ||    38
       Whip              |       |       |    34 |       ||    34
       Long sword        |       |       |     3 |    55 ||    58
 Cast: Foxfire           |    51 |    30 |   155 |     7 ||   243
       Scorch            |       |    13 |    86 |    31 ||   130
       Blink             |       |       |     3 |       ||     3
       Summon Ice Beast  |       |       |     2 |     7 ||     9
       Flame Wave        |       |       |     2 |     3 ||     5
       Conjure Flame     |       |       |       |     1 ||     1
  Use: Scroll            |       |       |    14 |     5 ||    19
 Stab: Sleeping          |       |     1 |     1 |       ||     2
Armor: Robe              |     9 |     1 |    34 |    13 ||    57
Dodge: Dodged            |    12 |    14 |    62 |    46 ||   134
Block: Other             |     1 |     4 |    29 |    20 ||    54
       Reflection        |       |       |     1 |     6 ||     7
       Buckler           |       |       |       |     5 ||     5

Table legend: (Time is in decaauts)
 A = Elapsed time spent in this place.
 B = Non-inter-level travel time spent in this place.
 C = Inter-level travel time spent in this place.
 D = Time resting spent in this place.
 E = Time spent auto-exploring this place.
 F = Levels seen in this place.
 G = Mean time per level.
                   A        B        C        D        E       F      G
               +--------+--------+--------+--------+--------+-----+--------+
         Total |  13090 |  12789 |    301 |   3554 |   6198 |  11 | 1190.0 |
       Dungeon |  12103 |  11802 |    301 |   3196 |   6040 |   9 | 1344.8 |
         Sewer |    554 |    554 |      0 |    198 |     71 |   1 |  554.0 |
       Ossuary |    432 |    432 |      0 |    160 |     87 |   1 |  432.0 |
               +--------+--------+--------+--------+--------+-----+--------+

Top non-repeatable levels by time:
     D:8: 2162 daAuts
     D:3: 1967 daAuts
     D:5: 1410 daAuts
     D:1: 1188 daAuts
     D:9: 1174 daAuts
     D:6: 1171 daAuts
     D:2: 1103 daAuts
     D:7: 991 daAuts
     D:4: 933 daAuts
   Sewer: 554 daAuts
 Ossuary: 432 daAuts
